AoeStats
← Barriletecosmico

Arabian Desert

508587812Analyzed
1v1 RM · 8d ago on Sep 23, 2026· 32m 11s· 2 players
Game mode
Random Map
Map size
Tiny (2 player)
Population
200
Speed
Normal
Resources
Standard
Victory
Conquest
Starting age
Dark Age
Ending age
Imperial Age
RankedLock teamsTeams togetherTeam positionsShared explorationLock speedFull tech treeHidden civsTurbo modeCheats
Victory
Defeat
🇨🇦 Lithuanians · Canada
1577
+17
🇦🇷 Bulgarians · Argentina
1592
-17
Brick by Brick
6:40 Loom
8:54 Feudal Age
9:01 Man-at-Arms
9:29 Double-Bit Axe
9:55 Horse Collar
10:37 Loom
15:12 Fletching
20:56 Castle Age
20:47 Padded Archer Armor
21:35 Bodkin Arrow
21:02 Elite Skirmisher
22:02 Bow Saw
24:11 Pikeman
25:03 Scale Mail Armor
26:59 Chain Mail Armor
28:15 Scale Barding Armor
28:25 Forging
28:48 Bloodlines
28:40 Husbandry
28:47 Scale Barding Armor
29:22 Wheelbarrow
31:43 Chain Barding Armor
Barriletecosmico
6:47 Loom
9:14 Feudal Age
11:57 Horse Collar
20:53 Double-Bit Axe
23:35 Castle Age
21:48 Gold Mining
21:55 Town Watch
22:36 Bloodlines
23:31 Scale Barding Armor
25:07 Chain Barding Armor
25:04 Bow Saw
27:53 Forging
29:21 Husbandry
Connection lost

Rejoining the realm…

Still unreachable

The connection could not be restored.

Session expired

The server has moved on; the page needs a fresh start.